 Dungeon Crawl Stone Soup version 0.31-a0-845-g9abc20d24f (webtiles) character file.

Game seed: 3029659171085323974

49822 Kurtz the Severer (level 14, -5/99 HPs)
             Began as an Octopode Fighter on Oct 1, 2023.
             Was an Initiate of Gozag.
             Slain by a 12-headed hydra (12 damage)
             ... on level 14 of the Dungeon.
             The game lasted 00:38:39 (25603 turns).

Kurtz the Severer (Octopode Fighter)               Turns: 25603, Time: 00:38:39

Health: -5/99      AC:  9    Str: 21    XL:     14   Next: 52%
Magic:  17/17      EV: 20    Int: 11    God:    Gozag
Gold:   1067       SH: 13    Dex: 22    Spells: 6/17 levels left

rFire   . . .        v - +6 broad axe (venom)
rCold   . . .        b - +0 buckler
rNeg    + + +        O - +0 hat
rPois   +            I - amulet of reflection
rElec   +            u - ring of Logud {*Slow rN+++ AC+4 Str+6 SInv}
rCorr   +            C - ring of Darkness {rElec rN+}
SInv    +            H - ring "Teucs" {rCorr Dex+6 Stlth+}
Will    +....        h - ring of poison resistance
Stlth   +++++        N - ring of resist corrosion
HPRegen 0.36/turn    (no ring)
MPRegen 0.15/turn    Q - +4 ring of protection
                     (no ring)

%: slow self (1%), reflection
@: gold aura
A: almost no armour, amphibious, 8 rings, camouflage 1, gelatinous body 1,
(nimble swimmer 1), tentacles
a: Renounce Religion, Potion Petition, Call Merchant, Bribe Branch


You were on level 14 of the Dungeon.
You worshipped Gozag.
Gozag was most pleased with you.
You visited 3 branches of the dungeon, and saw 20 of its levels.
You visited the Abyss 1 time.
You also visited: Ice Cave.

You collected 3769 gold pieces.
You spent 1904 gold pieces at shops.
You paid 798 gold pieces to Gozag.

Inventory:

Hand Weapons
 a - a +0 war axe
 v - a +6 broad axe of venom (weapon)
 w - a +2 whip of electrocution
Missiles
 k - 29 poisoned darts
 n - 2 curare-tipped darts (quivered)
 E - 5 boomerangs
Armour
 b - a +0 buckler (worn)
 O - a +0 hat (worn)
Jewellery
 e - a ring of ice
 h - a ring of poison resistance (on tentacle)
 u - the ring of Logud (left tentacle) {*Slow rN+++ AC+4 Str+6 SInv}
   (You found it on level 4 of the Dungeon)

   [ring of protection]

   AC+4:      It affects your AC (+4).
   Str+6:     It affects your strength (+6).
   rN+++:     It renders you almost immune to negative energy.
   SInv:      It lets you see invisible.
   *Slow:     It may slow you when you take damage.
 C - the ring of Darkness (right tentacle) {rElec rN+}
   (You found it on level 8 of the Dungeon)

   [ring of positive energy]

   rElec:     It insulates you from electricity.
   rN+:       It protects you from negative energy.
 H - the ring "Teucs" (on tentacle) {rCorr Dex+6 Stlth+}
   (You bought it in a shop on level 1 of the Lair of Beasts)

   [ring of dexterity]

   Dex+6:     It affects your dexterity (+6).
   rCorr:     It protects you from acid and corrosion.
   Stlth+:    It makes you more stealthy.
 I - an amulet of reflection (around mantle)
 N - a ring of resist corrosion (on tentacle)
 P - a ring of ice
 Q - a +4 ring of protection (on tentacle)
Wands
 G - a wand of iceblast (6)
 J - a wand of mindburst (12)
 M - a wand of quicksilver (8)
Scrolls
 c - 2 scrolls of enchant armour
 d - 12 scrolls of teleportation
 g - a scroll of butterflies
 m - a scroll of fear
 o - 5 scrolls of poison
 s - a scroll of revelation
 t - 5 scrolls of amnesia
 x - 6 scrolls of fog {unknown}
 y - a scroll of immolation {unknown}
 z - 5 scrolls of blinking {unknown}
 A - 5 scrolls of noise {unknown}
 B - 4 scrolls of vulnerability {unknown}
 F - a scroll of silence {unknown}
 K - a scroll of acquirement {unknown}
Potions
 f - 5 potions of curing
 i - 7 potions of mutation
 j - a potion of attraction
 l - 5 potions of brilliance
 p - a potion of magic {unknown}
 q - 2 potions of ambrosia
 r - a potion of lignification
 L - a potion of resistance
 R - a potion of degeneration {unknown}
 T - a potion of berserk rage
Miscellaneous
 D - a phial of floods
 S - a phantom mirror


   Skills:
 * Level 10.5 Fighting
 - Level 18.0 Axes
 * Level 9.7 Dodging
 - Level 5.3 Stealth
 * Level 10.0 Shields
 - Level 2.1 Spellcasting
 - Level 2.1 Fire Magic
 - Level 2.1 Evocations


You had 6 spell levels left.
You knew the following spells:

 Your Spells              Type           Power      Damage    Failure   Level
a - Ignition              Fire           2%         3d3       100%        8
b - Ignite Poison         Fire/Tmut/Pois 2%         N/A       58%         3

Your spell library contained the following spells:

 Spells                   Type           Power      Damage    Failure   Level
 Summon Small Mammal      Summ           4%         N/A       32%         1
 Ensorcelled Hibernation  Hex/Ice        2%         N/A       45%         2
 Jinxbite                 Hex            2%         N/A       45%         2
 Volatile Blastmotes      Fire/Tloc      6%         2d10      54%         3
 Call Canine Familiar     Summ           1%         N/A       69%         3
 Stone Arrow              Conj/Erth      2%         3d7       69%         3
 Summon Guardian Golem    Hex/Summ       1%         N/A       69%         3
 Sticky Flame             Conj/Fire      3%         2d3       91%         4
 Anguish                  Hex/Necr       0%         N/A       97%         4
 Cause Fear               Hex            0%         N/A       97%         4
 Fulminant Prism          Conj/Hex       0%         3d5       97%         4
 Iskenderun's Mystic Bla  Conj/Tloc      1%         2d3       97%         4
 Fireball                 Conj/Fire      1%         3d3       99%         5
 Eringya's Noxious Bog    Tmut/Pois      0%         4d6       100%        6
 Summon Hydra             Summ           0%         N/A       100%        7
 Lehudib's Crystal Spear  Conj/Erth      0%         10d2      100%        8
 Dragon's Call            Summ           0%         N/A       100%        9
 Animate Armour           Summ/Erth      Unusable   N/A       N/A         4

Dungeon Overview and Level Annotations

Branches:
Dungeon (15/15)            Temple (1/1) D:6            Lair (4/5) D:9
 Shoals (0/4) Lair:3       Spider (0/4) Lair:3          Orc (0/2) D:10
 Vaults (0/5) D:13          IceCv (visited)
  Slime: Lair:4-5    Depths: D:15

Altars:
Ashenzari
Cheibriados
Dithmenos
Elyvilon
Fedhas
Gozag
Hepliaklqana
Kikubaaqudgha
Makhleb
Nemelex Xobeh
Okawaru
Qazlal
Ru
Sif Muna
Trog
Uskayaw
Vehumet
Wu Jian
Xom
Yredelemnul
Zin
The Shining One

Shops:
D:1 *   D:4 (   D:6 *   Lair:1 =

Portals:
Trove: D:10 (show abyssal rune of Zot)

Annotations:
D:10 exclusions: manticore and two-headed ogre
D:14 2 runed translucent doors
Lair:1 exclusion: lindwurm
Lair:2 exclusion: downstairs
Lair:3 exclusion: orange demon, Amaemon
Lair:4 exclusion: oklob plant


Innate Abilities, Weirdness & Mutations

You cannot wear most types of armour.
You are amphibious.
You can wear up to eight rings at the same time.
Your skin changes colour to match your surroundings (Stealth+).
Your rubbery body absorbs attacks. (AC +1, EV +1)
((You are camouflaged when in or above water. (Stealth+)))
You have tentacles for arms and can constrict up to eight enemies at once.


Message History

You slash the centaur!
The centaur is poisoned.
You hit the centaur but do no damage.
The centaur is poisoned.
You lop one of the ten-headed hydra's heads off!
The nine-headed hydra grows two more!
You hit the 11-headed hydra. You block the centaur's attack. x2
The 11-headed hydra completely misses you.
You block the 11-headed hydra's attack. The 11-headed hydra bites you.
You block the 11-headed hydra's attack. The 11-headed hydra closely misses you.
The 11-headed hydra misses you. You block the 11-headed hydra's attack.
The 11-headed hydra bites you!
The 11-headed hydra completely misses you.
The 11-headed hydra barely misses you. The 11-headed hydra bites you!
The centaur warrior hits you.
The centaur warrior kicks you but does no damage.
The centaur unwields a +0 shortbow.
The centaur misses you. x2
The centaur shoots an arrow.
The arrow misses you.
The arrow completely misses the centaur warrior.
You hack one of the 11-headed hydra's heads off!
The ten-headed hydra grows two more!
You slash the 12-headed hydra! You squeeze the 12-headed hydra!
The 12-headed hydra is heavily wounded.
You slash the centaur!
You kill the centaur!
You slash the centaur!
The centaur looks as sick as possible!
You barely miss the centaur warrior.
You kill the centaur warrior!
You kill the centaur!
The centaur shoots an arrow.
The arrow hits you!
* * * LOW HITPOINT WARNING * * *
The centaur shoots an arrow.
You block the arrow with an invisible shield... and reflect it back!
The arrow hits the centaur!
The 12-headed hydra bites you.
* * * LOW HITPOINT WARNING * * *
The 12-headed hydra bites you!
* * * LOW HITPOINT WARNING * * *
The 12-headed hydra barely misses you. You block the 12-headed hydra's attack.
The 12-headed hydra bites you.
* * * LOW HITPOINT WARNING * * *
You block the 12-headed hydra's attack. The 12-headed hydra bites you!
You die...
Your body crumbles into a pile of gold.

....######..........####.......##
....'>..##..........'.##.......'.
....###..+......$...#..+.......##
....# ##..........####.......#
##+## #..........# ##+######
#..........# #..........#
#######$#### #@$# #...$.D..#
#....cc..# #..>.......
#........### #........#
.........# ##........#


You could see a 12-headed hydra and 2 centaurs.

Vanquished Creatures
  Rupert (Lair:3)
  A tentacled starspawn (Abyss:2)
  4 vault guards (D:13)
  7 centaur warriors
  3 boulder beetles
  A death knight (D:10)
  A two-headed ogre (D:10)
  2 thrashing horrors (Abyss:3)
  A wretched star (Abyss:2)
  A sixfirhy (Abyss:3)
  A pharaoh ant (Lair:3)
  A glowing orange brain (Abyss:3)
  A wizard (D:13)
  4 ugly things
  A deep elf pyromancer (D:14)
  A shining eye (shapeshifter) (D:10)
  3 manticores
  7 elephants
  3 cyclopes
  A black mamba (Lair:4)
  A guardian serpent (Abyss:3)
  A gargoyle (D:12)
  Maggie (D:8)
  6 cane toads
  An unseen horror (D:11)
  A freezing wraith (IceCv)
  3 kobold demonologists
  3 ice statues (IceCv)
  Jeremiah (D:7)
  Psyche (D:8)
  A komodo dragon (shapeshifter) (D:13)
  An anaconda simulacrum (IceCv)
  4 komodo dragons
  An efreet (Abyss:2)
  3 trolls
  A tarantella (Lair:3)
  Grinder (D:6)
  2 polar bears
  3 raiju (Abyss:3)
  A large abomination (Abyss:3)
  11 blink frogs
  5 slime creatures
  A jumping spider (Lair:3)
  3 wraiths
  21 yaks
  5 wyverns
  3 vampires
  3 fire bats
  A neqoxec (Abyss:2)
  4 steam dragons
  2 small abominations
  4 basilisks
  Menkaure (D:6)
  5 vampire mosquitoes
  2 redbacks (Lair:3)
  2 wargs (D:10)
  A hydra simulacrum (IceCv)
  9 water moccasins
  Duvessa (D:6)
  2 acid dragons
  5 orc warriors
  2 ice beasts
  2 sky beasts
  A black bear (D:8)
  11 centaurs
  A tengu (shapeshifter) (Abyss:3)
  4 wolves (Lair:4)
  3 ogres
  An ogre (shapeshifter) (D:13)
  A phantom (D:6)
  4 kobold brigands
  Blork the orc (D:5)
  12 bullfrogs
  2 gnoll sergeants
  A scorpion (D:3)
  A cane toad simulacrum (D:12)
  2 two-headed ogre simulacra (D:12)
  Dowan (D:6)
  An elephant simulacrum (IceCv)
  10 killer bees
  A howler monkey (D:11)
  3 crimson imps (Abyss:5)
  A quasit (Abyss:3)
  A hound (D:6)
  4 orc priests
  A gnoll bouda (D:8)
  2 jellies
  6 starcursed masses (Abyss:3)
  8 iron imps (Abyss:5)
  A sleepcap (D:6)
  5 iguanas
  8 orc wizards
  4 polar bear simulacra
  3 spriggan simulacra (D:12)
  2 wolf simulacra (IceCv)
  A boggart simulacrum (D:14)
  9 adders
  20 gnolls
  7 shadow imps (Abyss:5)
  7 white imps
  An ufetubus (D:5)
  2 worms
  5 dart slugs
  21 orcs
  2 spectral bats (Abyss:5)
  9 endoplasms
  6 giant cockroaches
  8 goblins
  15 hobgoblins
  8 jackals
  A quokka (D:5)
  2 ball pythons
  8 bats
  3 bat simulacra (Abyss:5)
  6 frilled lizards
  17 kobolds
  15 rats
457 creatures vanquished.

Vanquished Creatures (others)
  A yak (Lair:1)
  2 golden eyes (Abyss:3)
  A small abomination (Abyss:3)
  2 sky beasts (D:10)
  6 starspawn tentacles
12 creatures vanquished.

Grand Total: 469 creatures vanquished

Notes
Turn   | Place    | Note
-------+----------+-------------------------------------------
     0 | D:1      | Kurtz the Octopode Fighter began the quest for the Orb.
     0 | D:1      | Reached XP level 1. HP: 16/16 MP: 1/1
    90 | D:1      | Reached XP level 2. HP: 18/21 MP: 2/2
   313 | D:1      | Found Qiotzoiss's Assorted Antiques.
   334 | D:1      | Reached skill level 3 in Axes
   509 | D:1      | Reached XP level 3. HP: 25/26 MP: 3/3
  1147 | D:2      | Reached skill level 4 in Axes
  1251 | D:2      | Reached XP level 4. HP: 28/31 MP: 4/4
  1284 | D:2      | Found a bloodstained altar of Trog.
  1487 | D:3      | Noticed a scorpion
  1506 | D:3      | Killed a scorpion
  1507 | D:3      | Reached skill level 5 in Axes
  1507 | D:3      | Reached XP level 5. HP: 21/36 MP: 5/5
  2790 | D:4      | Found a shadowy altar of Dithmenos.
  3034 | D:4      | Noticed an ogre
  3075 | D:4      | Killed an ogre
  3076 | D:4      | Reached skill level 6 in Axes
  3076 | D:4      | Reached XP level 6. HP: 23/42 MP: 6/6
  3233 | D:4      | Identified the ring of Logud {*Slow rN+++ AC+4 Str+6 SInv}
  3392 | D:4      | Found Nirux's Antique Weapon Shoppe.
  3400 | D:4      | Bought a broad axe for 96 gold pieces
  3650 | D:5      | Entered Level 5 of the Dungeon
  3678 | D:5      | Noticed an ice beast
  3685 | D:5      | Killed an ice beast
  3686 | D:5      | Reached skill level 7 in Axes
  3758 | D:5      | Reached XP level 7. HP: 46/46 MP: 7/7
  3833 | D:5      | Found a sparkling altar of Nemelex Xobeh.
  3837 | D:5      | Noticed Blork the orc
  3844 | D:5      | Killed Blork the orc
  3993 | D:5      | Reached skill level 8 in Axes
  4178 | D:5      | Reached skill level 9 in Axes
  4178 | D:5      | Reached XP level 8. HP: 48/52 MP: 8/8
  4580 | D:6      | Noticed Menkaure
  4586 | D:6      | Killed Menkaure
  4780 | D:6      | Reached skill level 10 in Axes
  4943 | D:6      | Found a staircase to the Ecumenical Temple.
  4964 | Temple   | Entered the Ecumenical Temple
  5037 | Temple   | Became a worshipper of Gozag Ym Sagoz the Greedy
  5157 | D:6      | Found Piykih's Neck Hole.
  5305 | D:6      | Noticed Grinder
  5314 | D:6      | Paralysed by Grinder for 4 turns
  5320 | D:6      | Killed Grinder
  5321 | D:6      | Reached skill level 11 in Axes
  5458 | D:6      | Noticed Dowan
  5459 | D:6      | Noticed Duvessa
  5469 | D:6      | Reached XP level 9. HP: 56/56 MP: 9/9
  5475 | D:6      | Killed Duvessa
  5480 | D:6      | Killed Dowan
  6099 | D:7      | Reached skill level 12 in Axes
  6134 | D:7      | Noticed Jeremiah
  6702 | D:7      | Got an odd book
  6730 | D:7      | Found a blossoming altar of Fedhas.
  6770 | D:7      | Found a white marble altar of Elyvilon.
  7086 | D:8      | Noticed Maggie
  7094 | D:8      | Identified the ring of Darkness {rElec rN+}
  7106 | D:8      | Reached skill level 13 in Axes
  7108 | D:8      | Killed Maggie
  7276 | D:8      | Reached XP level 10. HP: 57/63 MP: 10/10
  7341 | D:8      | Noticed a cyclops
  7703 | D:8      | Noticed Psyche
  7714 | D:8      | Killed Psyche
  7756 | D:8      | Found a hazy altar of Hepliaklqana.
  8049 | D:8      | Reached skill level 5 in Fighting
  8401 | D:8      | Reached skill level 14 in Axes
  9208 | D:9      | Found a staircase to the Lair.
  9543 | D:9      | Reached skill level 5 in Dodging
  9728 | D:9      | Reached skill level 5 in Shields
  9777 | D:9      | Reached XP level 11. HP: 64/72 MP: 11/11
 10114 | D:10     | Entered Level 10 of the Dungeon
 10825 | D:10     | Noticed a two-headed ogre
 10851 | D:10     | Noticed a manticore
 10878 | D:10     | Identified the +9 spear "Killer Bee's Regret" {drain, rC-
                  | Str+7 Int+3}
 11396 | D:10     | Noticed a centaur warrior
 11600 | D:10     | HP: 2/74 [centaur warrior/staff of earth (5)]
 11604 | D:10     | Killed a centaur warrior
 11794 | Lair:1   | Entered Level 1 of the Lair of Beasts
 12872 | Lair:1   | Noticed a lindwurm
 14495 | Lair:3   | Noticed Amaemon
 14560 | Lair:3   | Found a staircase to the Shoals.
 14659 | Lair:3   | Noticed a pharaoh ant
 14671 | Lair:3   | Reached skill level 1 in Evocations
 14861 | Lair:3   | Found a hole to the Spider Nest.
 14891 | Lair:3   | Killed a pharaoh ant
 15125 | Lair:3   | Reached XP level 12. HP: 57/82 MP: 12/12
 15223 | Lair:3   | Reached skill level 1 in Stealth
 15241 | Lair:3   | Reached skill level 15 in Axes
 15703 | Lair:3   | Noticed a boulder beetle
 15719 | Lair:3   | Killed a boulder beetle
 16124 | Lair:3   | Noticed Rupert
 16145 | Lair:3   | Paralysed by Rupert for 2 turns
 16154 | Lair:3   | Paralysed by Rupert for 5 turns
 16469 | Lair:3   | Paralysed by Rupert for 5 turns
 16480 | Lair:3   | Paralysed by Rupert for 2 turns
 16485 | Lair:3   | Killed Rupert
 16942 | Lair:4   | Reached skill level 16 in Axes
 18208 | Lair:4   | Reached XP level 13. HP: 56/90 MP: 13/13
 18642 | Lair:1   | Bought the ring "Teucs" {rCorr Dex+6 Stlth+} for 873 gold
                  | pieces
 18643 | Lair:1   | Bought an amulet of reflection for 510 gold pieces
 18831 | D:10     | Found a portal to a secret trove of treasure.
 19302 | D:10     | Reached skill level 17 in Axes
 19640 | D:7      | Killed Jeremiah
 19889 | D:2      | Learned a level 8 spell: Ignition
 20173 | D:10     | Found a staircase to the Orcish Mines.
 20427 | D:10     | Identified the +9 glaive "Goid" {flame, rPois rF+++ Will+
                  | Dex-4}
 20898 | D:11     | Learned a level 3 spell: Ignite Poison
 20981 | D:11     | Reached skill level 5 in Stealth
 21669 | D:12     | Reached skill level 1 in Fire Magic
 21711 | D:12     | Found a frozen archway.
 21721 | D:12     | Reached skill level 1 in Spellcasting
 21875 | Lair:1   | Bought a ring of ice for 425 gold pieces
 22233 | IceCv    | Entered an ice cave
 22788 | IceCv    | Identified the +1 robe "Laxuygg" {Dex+7}
 23289 | D:12     | Reached skill level 10 in Fighting
 23289 | D:12     | Reached skill level 18 in Axes
 23387 | D:12     | You fall into a shaft and drop 3 floors!
 23387 | D:15     | Entered Level 15 of the Dungeon
 23514 | Abyss:2  | Cast into level 2 of the Abyss (a wizard)
 23554 | Abyss:2  | Noticed a tentacled starspawn
 23584 | Abyss:2  | Found a corrupted altar of Lugonu.
 23595 | Abyss:2  | Killed a tentacled starspawn
 23655 | Abyss:3  | Noticed a starcursed mass
 23667 | Abyss:3  | Paralysed by accursed screaming for 1 turns
 23805 | Abyss:3  | Reached XP level 14. HP: 41/99 MP: 17/17
 24112 | Abyss:4  | Noticed a tentacled starspawn
 24112 | Abyss:4  | Noticed a tentacled starspawn
 24124 | Abyss:5  | Noticed a deep elf demonologist
 24124 | Abyss:5  | Found a corrupted altar of Lugonu.
 24126 | Abyss:5  | Noticed a deep elf demonologist
 24138 | Abyss:5  | Noticed a deep elf demonologist
 24247 | Abyss:5  | Noticed a lich
 24248 | Abyss:5  | Noticed a tentacled starspawn
 24252 | D:13     | Escaped the Abyss
 24672 | D:13     | Found a gate to the Vaults.
 25406 | D:14     | Reached skill level 10 in Shields
 25556 | D:14     | Found a large runed translucent door.
 25556 | D:14     | Found a large runed translucent door.
 25603 | D:14     | Slain by a 12-headed hydra

Illustrated notes

Levels and vault maps discovered:
D:1:      onia_arrival_pyramid, layout_basic, serial_curves, eino_curves_01,
          eino_curves_04, serial_shops, shop
D:2:      layout_basic, basic_altar, minmay_distorted
D:3:      corexii_shack_village, layout_basic, minmay_ruptured
D:4:      layout_basic, mainiacjoe_overflow_six_doors_small, serial_shops, shop
D:5:      cheibrodos_quashed, layout_loops_ring,
          nemelex_xobeh_ov_fountains_minmay, uniq_blork_the_orc
D:6:      layout_cave_pods, minmay_temple_entry_mist, minmay_misc_feat_encased,
          nicolae_shop_sticking_my_neck_out, uniq_menkaure, uniq_duvessa,
          uniq_grinder
D:7:      layout_basic, mainiacjoe_overflow_catwalk_spiral, uniq_jeremiah
D:8:      layout_gridville, kennysheep_mini, hangedman_abyss_or_decor_stagger,
          wad_mini_maze, uniq_maggie, uniq_psyche
D:9:      layout_stronghold, lair_entry_dummy,
          eino_small_chamber_without_monster
D:10:     minmay_cut_squares, layout_basic, david_orc_1_choice,
          trove_entry_hex_spiral, nicolae_water_bricks, hangedman_misty_isle
D:11:     minmay_general_purpose_star, layout_cave_pods
D:12:     cheibrodos_hippocracy, layout_rooms,
          portal_ice_cave_entry_ice_simulacra
D:13:     layout_loops_cross, lightli_vaults_fourway_checkpoint
D:14:     layout_roguey, minmay_misc_feat_chi, lightli_elemental_guards
D:15:     gammafunk_enter_depths_forms, layout_layer_cave, serial_park_tiny_pond
Temple:   minmay_temple_bridge_d
Lair:1:   layout_cave_pods
Lair:2:   layout_gridlike, chequers_serial_rivers_micro_a
Lair:3:   layout_regular_city, elwin_shoals_entry_rocks,
          nicolae_spider_entry_lesser_pyramids, uniq_amaemon, uniq_rupert
Lair:4:   layout_regular_city, chequers_serial_rivers_large_b,
          grunt_megastairs_2

Skill      XL: |  1  2  3  4  5  6  7  8  9 10 11 12 13 14 |
---------------+-------------------------------------------+-----
Axes           | 3 4 5 6 7 9 11 13 14 16 18 | 18.0
Fighting       | 6 7 9 10 | 10.5
Dodging        | 5 7 8 9 |  9.7
Shields        | 5 7 8 10 | 10.0
Evocations     | 2 |  2.1
Stealth        | 3 5 |  5.3
Fire Magic     | 2 |  2.1
Spellcasting   | 2 |  2.1

Action                     |  1- 3 |  4- 6 |  7- 9 | 10-12 | 13-15 || total
---------------------------+-------+-------+-------+-------+-------++-------
  Melee: War axe           |    69 |    74 |       |       |       ||   143
         Constrict         |    12 |    21 |    39 |    48 |    50 ||   170
         Tentacles         |     7 |    17 |    47 |    83 |   137 ||   291
         Broad axe         |       |    10 |   102 |   401 |   422 ||   935
         Whip              |       |       |    69 |       |       ||    69
         Punch             |       |       |     4 |     9 |     7 ||    20
  Throw: Dart              |       |     1 |     3 |    84 |    34 ||   122
         Throwing net      |       |       |       |     1 |       ||     1
         Boomerang         |       |       |       |       |     4 ||     4
 Invoke: Potion Petition   |       |       |       |     1 |       ||     1
         Call Merchant     |       |       |       |       |     1 ||     1
  Evoke: Wand              |       |       |     7 |    45 |     5 ||    57
         Phial of floods   |       |       |       |       |     1 ||     1
    Use: Potion            |       |     1 |     2 |    11 |    14 ||    28
         Scroll            |       |       |       |    18 |    12 ||    30
   Stab: Sleeping          |     6 |    10 |     6 |     6 |    10 ||    38
         Distracted        |     1 |       |       |       |     4 ||     5
         Held in net/web   |       |       |       |     1 |       ||     1
 Armour: Skin              |    21 |    25 |    81 |   248 |   154 ||   529
  Dodge: Dodged            |    53 |    54 |    72 |   194 |   198 ||   571
  Block: Buckler           |    13 |    16 |    30 |   101 |   183 ||   343
         Reflection        |       |       |       |       |     8 ||     8

Table legend: (Time is in decaauts)
 A = Elapsed time spent in this place.
 B = Non-inter-level travel time spent in this place.
 C = Inter-level travel time spent in this place.
 D = Time resting spent in this place.
 E = Time spent auto-exploring this place.
 F = Levels seen in this place.
 G = Mean time per level.
                   A        B        C        D        E       F      G
               +--------+--------+--------+--------+--------+-----+--------+
         Total |  25536 |  23125 |   2411 |   6500 |  12131 |  25 | 1021.4 |
       Dungeon |  17269 |  15329 |   1940 |   3493 |   8958 |  15 | 1151.3 |
        Temple |    146 |      1 |    145 |      0 |      0 |   1 |  146.0 |
          Lair |   6838 |   6513 |    325 |   2394 |   3130 |   4 | 1709.5 |
         Abyss |    712 |    712 |      0 |    254 |     27 |   4 |  178.0 |
      Ice Cave |    569 |    569 |      0 |    357 |     16 |   1 |  569.0 |
               +--------+--------+--------+--------+--------+-----+--------+

Top non-repeatable levels by time:
  Lair:3: 2268 daAuts
    D:10: 2239 daAuts
     D:8: 2126 daAuts
     D:9: 2111 daAuts
  Lair:1: 1874 daAuts
  Lair:4: 1684 daAuts
     D:3: 1412 daAuts
    D:11: 1388 daAuts
     D:6: 1366 daAuts
     D:7: 1105 daAuts
    D:13: 1043 daAuts
  Lair:2: 1011 daAuts
     D:5: 1008 daAuts
     D:4: 939 daAuts
     D:1: 874 daAuts
